 Dungeon Crawl Stone Soup version 0.29-a0-1019-g84f7d21838 (webtiles) character file.

Game seed: 15157555367209943458

196 Manisian the Ducker (level 6, 0/46 HPs)
             Began as a Djinni Gladiator on Aug 10, 2022.
             Slain by Menkaure (13 damage)
             ... on level 4 of the Dungeon.
             The game lasted 00:04:48 (2519 turns).

Manisian the Ducker (Djinni Gladiator)              Turns: 2519, Time: 00:04:48

Health: 0/46       AC:  6    Str: 13    XL:     6   Next: 4%
Gold:   88         EV: 13    Int: 12    God:
                   SH:  0    Dex: 14

rFire   + + .      SeeInvis .   a - +0 long sword (freeze)
rCold   x . .      Faith    .   (no shield)
rNeg    . . .      Spirit   .   b - +0 leather armour
rPois   ∞          Reflect  .   c - +0 helmet
rElec   .          Harm     .   n - +0 cloak
rCorr   .          Rampage  .   x - +0 pair of gloves
Will    .....                   (boots unavailable)
Stlth   +.........              g - amulet of regeneration
HPRegen 0.95/turn               (no ring)
MPRegen 0.00/turn               (no ring)

@: flying, very slightly contaminated
A: sickness immunity, fire resistance 2, cold vulnerability 1, float, innate
caster, HP casting, extra vitality 1
a: no special abilities


You were on level 4 of the Dungeon.
You visited 1 branch of the dungeon, and saw 4 of its levels.

You collected 88 gold pieces.

Inventory:

Hand Weapons
 a - a +0 long sword of freezing (weapon)
 q - a +2 hammer of draining
 r - a +2 quarterstaff of chaos
Missiles
 d - 3 throwing nets (quivered)
 e - 5 javelins
 o - 3 curare-tipped darts
Armour
 b - a +0 leather armour (worn)
 c - a +0 helmet (worn)
 n - a +0 cloak (worn)
 x - a +0 pair of gloves (worn)
Jewellery
 g - an amulet of regeneration (around neck)
Wands
 p - a wand of digging (4)
 s - a wand of roots (9)
Scrolls
 m - a scroll of immolation
 t - a scroll of noise
 v - a scroll of fear
Potions
 f - 2 potions of heal wounds
 h - a potion of lignification
 i - 2 potions of invisibility
 j - a potion of flight {unknown}
 k - 2 potions of magic {unknown}
 l - a potion of berserk rage {unknown}
 u - a potion of brilliance {unknown}
 w - a potion of ambrosia {unknown}


   Skills:
 + Level 3.0 Fighting
 + Level 3.7 Long Blades
 + Level 1.6 Staves
 - Level 1.5 Throwing
 + Level 1.5 Armour
 + Level 4.3 Dodging
 + Level 0.3 Stealth


You had 2 spell levels left.
You knew the following spells:

 Your Spells              Type           Power      Damage    Failure   Level
a - Apportation           Tloc           0%         N/A       38%         1
b - Scorch                Fire           0%         2d5       54%         2
Your spell library was empty.

Dungeon Overview and Level Annotations

Branches:
Dungeon (4/15)
 Temple: D:4-7

Altars:
Qazlal

Annotations:
D:4 Menkaure


Innate Abilities, Weirdness & Mutations

You are immune to sickness and miasma.
You are immune to poison.
Your flesh is very heat resistant. (rF++)
You are vulnerable to cold. (rC-)
You float through the air rather than walking.
You learn spells naturally, not from books.
Your magical power is your life essence.
You have superior vitality. (+4 MHP)


Message History

The orc barely misses you.
You hear a shout!
Cast which spell? (? or * to list) Flames lash the orc.
You kill the orc!
The orc wizard hits you but does no damage.
The orc barely misses you.
You closely miss the orc wizard.
The orc wizard is severely wounded.
The orc wizard barely misses you. The orc barely misses you.
You hit the orc wizard. You freeze the orc wizard.
The orc wizard is almost dead.
The orc misses you.
The orc wizard points at you and mumbles some strange words.
The puff of flame hits you but does no damage.
You resist.
You hit the orc wizard. You freeze the orc wizard.
You kill the orc wizard!
The orc hits you but does no damage.
You have reached level 6!
Casting: Scorch (dangerous; 54% risk of failure)
Confirm with . or Enter, or press ? or * to list all spells.
You miscast Scorch.
You are very lightly contaminated with residual magic.
Nothing appears to happen.
The orc hits you but does no damage. The worm completely misses you.
Casting: Scorch (dangerous; 54% risk of failure)
Confirm with . or Enter, or press ? or * to list all spells.
You don't know that spell.
Casting: Scorch (dangerous; 54% risk of failure)
Confirm with . or Enter, or press ? or * to list all spells.
You miscast Scorch.
Nothing appears to happen.
The orc completely misses you.
Menkaure calls on the powers of darkness!
The worm convulses!
Your body is wracked with pain!
The orc convulses!
Casting: Scorch (dangerous; 54% risk of failure)
Confirm with . or Enter, or press ? or * to list all spells.
You miscast Scorch.
Nothing appears to happen.
* * * LOW HITPOINT WARNING * * *
Menkaure hits you!
You die...

......... .########..........
...............................
......................†.
...>....................
........................
........................
........................
......o......###########
....<.w@.....#....'.....
######M).....#....#.....
#.......#....#.....
#.......#....#....#
#.......#...###...#
#......##...#######
#......#.....#.....
#......#.....#.....
#......#.....#.....


You could see Menkaure (fast), a worm and an orc.

Vanquished Creatures
  A necrophage (D:4)
  Crazy Yiuf (D:2)
  An orc wizard (D:4)
  2 adders (D:3)
  A dart slug (D:4)
  3 worms
  7 orcs
  7 endoplasms
  A giant cockroach (D:2)
  3 goblins (D:2)
  6 hobgoblins
  2 jackals (D:4)
  5 quokkas
  3 ball pythons
  3 bats
  2 frilled lizards (D:2)
  4 kobolds
  4 rats
56 creatures vanquished.

Notes
Turn   | Place    | Note
-------+----------+-------------------------------------------
     0 | D:1      | Manisian the Djinni Gladiator began the quest for the Orb.
     0 | D:1      | Reached XP level 1. HP: 18/18 MP: 0/0
   625 | D:1      | Identified a scroll of acquirement
   625 | D:1      | Acquired an amulet of regeneration
   730 | D:2      | Reached XP level 2. HP: 22/23 MP: 0/0
   868 | D:2      | Reached XP level 3. HP: 25/28 MP: 0/0
   868 | D:2      | Learned a level 1 spell: Apportation
  1098 | D:2      | Reached skill level 4 in Dodging
  1210 | D:2      | Found a runed translucent door.
  1211 | D:2      | Noticed Crazy Yiuf
  1216 | D:2      | HP: 1/28 [Crazy Yiuf/+2 quarterstaff of chaos (1)]
  1217 | D:2      | Killed Crazy Yiuf
  1218 | D:2      | Reached XP level 4. HP: 2/34 MP: 0/0
  1536 | D:3      | Reached skill level 1 in Armour
  1941 | D:3      | Reached XP level 5. HP: 35/40 MP: 0/0
  1941 | D:3      | Learned a level 2 spell: Scorch
  2354 | D:4      | Reached skill level 1 in Staves
  2360 | D:4      | Found a stormy altar of Qazlal.
  2509 | D:4      | Noticed Menkaure
  2517 | D:4      | Reached XP level 6. HP: 28/46 MP: 0/0
  2519 | D:4      | Slain by Menkaure

Illustrated notes

Levels and vault maps discovered:
D:1:      zelgadis_glass_arrival_small, layout_basic, grunt_decor_junction
D:2:      minmay_spotlight, layout_rooms, uniq_crazy_yiuf_cottage
D:3:      layout_basic
D:4:      layout_gridville, lemuel_tele_altar,
          minmay_temple_entry_enclosed_plants, uniq_menkaure

Skill      XL: |  1  2  3  4  5 |
---------------+----------------+-----
Long Blades    | 3 |  3.7
Dodging        | 4 |  4.3
Armour         | 1 |  1.5
Staves         | 1 |  1.6
Fighting       | 3 |  3.0
Throwing       | |  1.5
Stealth        | |  0.3

Action                   |  1- 3 |  4- 6 || total
-------------------------+-------+-------++-------
Melee: Long sword        |    95 |    36 ||   131
       Quarterstaff      |       |    50 ||    50
 Cast: Scorch            |       |     1 ||     1
  Use: Scroll            |     3 |     9 ||    12
 Stab: Sleeping          |       |     1 ||     1
Armor: Leather armour    |    39 |    44 ||    83
Dodge: Dodged            |    87 |    85 ||   172

Table legend: (Time is in decaauts)
 A = Elapsed time spent in this place.
 B = Non-inter-level travel time spent in this place.
 C = Inter-level travel time spent in this place.
 D = Time resting spent in this place.
 E = Time spent auto-exploring this place.
 F = Levels seen in this place.
 G = Mean time per level.
                   A        B        C        D        E       F      G
               +--------+--------+--------+--------+--------+-----+--------+
         Total |   2564 |   2420 |    144 |     28 |   1775 |   4 |  641.0 |
       Dungeon |   2564 |   2420 |    144 |     28 |   1775 |   4 |  641.0 |
               +--------+--------+--------+--------+--------+-----+--------+

Top non-repeatable levels by time:
     D:3: 778 daAuts
     D:1: 721 daAuts
     D:2: 673 daAuts
     D:4: 390 daAuts
